 Dungeon Crawl Stone Soup version 0.19.0-24-gb05acd6 (webtiles) character file.

194 equalderp2856 the Scratcher (level 5, 0/24 HPs)
             Began as a Felid Fighter on Nov 23, 2016.
             Slain by an orc (2 damage)
             ... on level 4 of the Dungeon.
             The game lasted 00:06:00 (2257 turns).

equalderp2856 the Scratcher (Felid Fighter)         Turns: 2257, Time: 00:06:01

Health: 0/24       AC:  1    Str: 13    XL:     5   Next: 44%
Magic:  6/6        EV: 21    Int:  9    God:
Gold:   185        SH:  0    Dex: 16    Spells: 0 memorised, 4 levels left
                                        Lives:  0   Deaths: 1

rFire  . . .     SeeInvis +       - Unarmed
rCold  . . .     Gourm    .     (armour unavailable)
rNeg   . . .     Faith    .     (shield unavailable)
rPois  .         Spirit   .     (helmet unavailable)
rElec  .         Reflect  .     (cloak unavailable)
rCorr  .         Harm     .     (gloves unavailable)
MR     .....                    (boots unavailable)
Stlth  +++.......               (no amulet)
                                (no ring)
                                (no ring)

@: quick
A: no armour, no weapons or thrown items, stealth, claws 1, fangs 3, see
invisible, carnivore 3, speed 1, shaggy fur 1, slow metabolism 1, sharp paws
a: no special abilities


You were on level 4 of the Dungeon.
You were very full.

You visited 1 branch of the dungeon, and saw 4 of its levels.

You collected 185 gold pieces.

Inventory:

Jewellery
 l - an uncursed ring of protection from cold {unknown}
Scrolls
 c - a scroll of magic mapping {unknown}
 d - a scroll of remove curse {unknown}
 e - a scroll of identify {unknown}
 f - a scroll of recharging {unknown}
 g - a scroll of teleportation {unknown}
 i - 2 scrolls of immolation {unknown}
 j - a scroll of random uselessness {unknown}
 o - a scroll of enchant armour {unknown}
Potions
 a - 2 potions of might
 h - a potion of curing {unknown}
 k - a potion of agility {unknown}
 q - a potion of heal wounds {unknown}
Books
 m - a book of Conjurations

   Spells                             Type                      Level
   a - Magic Dart                     Conjuration                  1
   b - Searing Ray                    Conjuration                  2
   c - Dazzling Spray                 Conjuration/Hexes            3
   d - Fulminant Prism                Conjuration/Hexes            4
   e - Iskenderun's Mystic Blast      Conjuration                  4
   f - Iskenderun's Battlesphere      Conjuration/Charms           5
Comestibles
 b - 3 meat rations
 n - 9 chunks of flesh
 p - a slice of pizza


   Skills:
 + Level 3.4 Fighting
 + Level 5.4 Dodging
 + Level 3.3 Stealth
 + Level 5.8 Unarmed Combat


You had 4 spell levels left.
You didn't know any spells.

Dungeon Overview and Level Annotations

Branches:
Dungeon (3/15)

Altars:

Annotations:
D:3 equalderp2856's ghost, weakling FeFi


Innate Abilities, Weirdness & Mutations

You cannot wear armour.
You are incapable of wielding weapons or throwing items.
Your paws allow you to move quietly. (Stealth)
You have sharp claws.
You have razor-sharp teeth.
You have supernaturally acute eyesight. (SInv)
You are carnivorous and can eat meat at any time.
You cover ground quickly.
You are covered in fur. (AC +1)
You have a slow metabolism.
Your sharp claws are effective at attacking unaware monsters.


Message History

There is an escape hatch in the floor here.
An orc and an orc wizard come into view.
An orc priest comes into view. It is wielding a whip.
Found 18 gold pieces.
The helpless orc fails to defend itself.
You mangle the orc!!
You kill the orc!
The orc shouts!
The orc wizard shouts!
The orc priest shouts!
The orc wizard completely misses you.
You closely miss the orc wizard. The orc wizard misses you. The orc hits you.
You closely miss the orc wizard. The orc wizard closely misses you.
You scratch the orc.
The orc is heavily wounded.
The orc priest calls down the wrath of Beogh upon you.
Beogh smites you!
The orc wizard gestures at you while chanting.
The magic dart hits you!
* * * LOW HITPOINT WARNING * * *
The orc hits you.
You die...

#.# ... #.# #.# #.# # #
## #?# .# .
##..####.##.## ##.##
#..o.@.......# ##...#
#..$.ooo)#.>#.####..#.##
###..###.#..# ###.....).
#. #.#..# #........# ..
#.#..###.#....$# .#
#.#............#
#.#............#
#.##.###.#.#..#.#
#.........###


You could see an orc priest, an orc wizard and 2 orcs.

Vanquished Creatures
  2 hounds (D:4)
  4 worker ants (D:4)
  3 gnolls (D:2)
  2 adders
  An orc (D:4)
  3 giant cockroaches
  5 hobgoblins
  8 jackals
  A quokka (D:4)
  5 bats
  4 frilled lizards
  4 goblins
  2 kobolds
  3 rats (D:1)
47 creatures vanquished.

Vanquished Creatures (others)
  4 toadstools (D:1)
4 creatures vanquished.

Grand Total: 51 creatures vanquished

Notes
Turn   | Place    | Note
-------+----------+-------------------------------------------
     0 | D:1      | equalderp2856 the Felid Fighter began the quest for the Orb.
     0 | D:1      | Reached XP level 1. HP: 10/10 MP: 2/2
   491 | D:1      | Reached XP level 2. HP: 11/14 MP: 3/3
  1212 | D:2      | Found a faded altar of an unknown god.
  1241 | D:2      | Reached XP level 3. HP: 17/17 MP: 4/4
  1345 | D:2      | Reached skill level 1 in Stealth
  1480 | D:2      | Reached skill level 5 in Dodging
  1633 | D:3      | Noticed equalderp2856's ghost (weakling FeFi)
  1634 | D:3      | Reached XP level 4. HP: 21/21 MP: 5/5
  1675 | D:2      | You fall through a shaft for 2 floors!
  1727 | D:4      | Slain by a worker ant
  1728 | D:4      | Reached XP level 3. HP: 0/17 MP: 4/4
  1757 | D:4      | Reached skill level 5 in Unarmed Combat
  1787 | D:4      | Reached XP level 4. HP: 5/21 MP: 5/5
  2138 | D:4      | Reached XP level 5. HP: 17/24 MP: 6/6
  2257 | D:4      | Slain by an orc

Skill      XL: |  1  2  3  4 |
---------------+-------------+-----
Stealth        | 2 3 |  3.3
Dodging        | 5 |  5.4
Unarmed Combat | 5 |  5.8
Fighting       | |  3.4

Action                   |  1- 3 |  4- 6 || total
-------------------------+-------+-------++-------
Melee: Unarmed           |   112 |    45 ||   157
       Bite              |     6 |     8 ||    14
       Punch             |     1 |     1 ||     2
 Stab: Sleeping          |     3 |     4 ||     7
  Eat: Chunk             |     3 |     6 ||     9
Armor: Skin              |     6 |       ||     6
Dodge: Dodged            |   118 |    37 ||   155
